 Seeded DCSS version 0.31-a0-180-g519b7de00c (webtiles) character file.

Game seed: 18402847756181476443 (custom seed)

19 innerfire43 the Trooper (level 2, 0/24 HPs)
             Began as a Demonspawn Monk on June 19, 2023.
             Slain by Sigmund
             ... wielding a +0 scythe
              (7 damage)
             ... on level 2 of the Dungeon.
             The game lasted 00:00:37 (709 turns).

innerfire43 the Trooper (Demonspawn Monk)            Turns: 709, Time: 00:00:38

Health: 0/24       AC:  2    Str: 11    XL:     2   Next: 55%
Magic:  2/2        EV: 13    Int: 11    God:
Gold:   88         SH:  0    Dex: 15    Spells: 1/1 levels left

rFire   . . .        a - +0 spear
rCold   . . .        d - orb {light}
rNeg    . . .        b - +0 robe
rPois   .            (no helmet)
rElec   .            (no cloak)
rCorr   .            (no gloves)
SInv    .            (no boots)
Will    .....        (no amulet)
Stlth   +            (no ring)
HPRegen 0.24/turn    (no ring)
MPRegen 0.08/turn

%: no passive effects
@: lethally poisoned (0 -> -9), glowing
A: demonic magic 1
a: no special abilities


You were on level 2 of the Dungeon.
You visited 1 branch of the dungeon, and saw 2 of its levels.

You collected 88 gold pieces.

Inventory:

Hand Weapons
 a - a +0 spear (weapon)
Armour
 b - a +0 robe (worn)
 d - an orb of light (worn)
Scrolls
 e - 2 scrolls of enchant armour {unknown}
 f - 2 scrolls of identify {unknown}
 h - 2 scrolls of teleportation {unknown}
 i - a scroll of amnesia {unknown}
 j - a scroll of poison {unknown}
 l - 2 scrolls of enchant weapon {unknown}
Potions
 g - a potion of invisibility {unknown}
 k - a potion of heal wounds {unknown}


   Skills:
 + Level 3.3 Fighting
 * Level 3.0 Polearms
 + Level 2.9 Dodging
 - Level 0.2 Stealth


You had one spell level left.
You didn't know any spells.
Your spell library was empty.

Dungeon Overview and Level Annotations

Branches:
Dungeon (2/15)

Altars:

Annotations:
D:2 Sigmund


Innate Abilities, Weirdness & Mutations

Spells you cast may paralyse adjacent enemies.


Message History

You are frozen.
Sigmund closely misses you. The endoplasm misses you.
The endoplasm attacks as you move away! The endoplasm hits you.
The adder bites you.
You are poisoned.
The adder poisons you!
You feel sick. The adder closely misses you.
You feel sick.
You feel sick.
There is a stone staircase leading up here.
You are confused.
You feel invigorated.
You feel sick. The adder closely misses you. The adder bites you.
You hit the adder.
The adder is heavily wounded.
You feel sick. The adder completely misses you.
You completely miss the adder.
The adder is heavily wounded.
You feel sick.
You are no longer poisoned.
The adder bites you.
You are poisoned.
The adder poisons you!
You barely miss the adder.
The adder is heavily wounded.
You feel less invigorated.
You feel less confused.
You feel sick. The adder closely misses you.
Sigmund hits you from afar with a +0 scythe.
You hit the adder.
The adder is almost dead.
You feel sick. The adder bites you.
You are lethally poisoned!
The adder poisons you!
You hit the adder but do no damage.
The adder is almost dead.
* * * LOW HITPOINT WARNING * * *
You feel sick. The adder misses you.
Sigmund hits you from afar with a +0 scythe!
You die...

#######
#S@.@.###
#S#.....#
#@#........
#.#........
#.....)....
#.#........
...........
#.#........
#..........
#.. ##.


You could see Sigmund (invisible), an adder and a ball python.

Vanquished Creatures
  2 bats (D:1)
  2 endoplasms (D:1)
  2 giant cockroaches (D:1)
  2 goblins (D:1)
  2 hobgoblins (D:1)
  A kobold (D:1)
  2 quokkas (D:1)
  A ball python (D:1)
  2 rats (D:1)
16 creatures vanquished.

Notes
Turn   | Place    | Note
-------+----------+-------------------------------------------
     0 | D:1      | innerfire43 the Demonspawn Monk began the quest for the
                  | Orb.
     0 | D:1      | Reached XP level 1. HP: 18/18 MP: 1/1
   119 | D:1      | Gained mutation: Spells you cast may paralyse adjacent
                  | enemies. [demonic ancestry]
   119 | D:1      | Reached XP level 2. HP: 22/24 MP: 2/2
   690 | D:2      | Noticed Sigmund
   709 | D:2      | Slain by Sigmund

Illustrated notes

Levels and vault maps discovered:
D:1:      dpeg_arrival_prison, layout_loops_ring
D:2:      minmay_general_purpose_star, layout_loops_ring, minmay_tiny_reverse_x,
          uniq_sigmund

Skill      XL: |  1  2 |
---------------+-------+-----
Polearms       | 3 |  3.0
Fighting       | |  3.3
Dodging        | |  2.9
Stealth        | |  0.2

Action                     || total
---------------------------++-------
  Melee: Spear             ||    46
    Use: Potion            ||     1
 Armour: Robe              ||     2
  Dodge: Dodged            ||    21

Table legend: (Time is in decaauts)
 A = Elapsed time spent in this place.
 B = Non-inter-level travel time spent in this place.
 C = Inter-level travel time spent in this place.
 D = Time resting spent in this place.
 E = Time spent auto-exploring this place.
 F = Levels seen in this place.
 G = Mean time per level.
                   A        B        C        D        E       F      G
               +--------+--------+--------+--------+--------+-----+--------+
         Total |    706 |    676 |     30 |      0 |    570 |   2 |  353.0 |
       Dungeon |    706 |    676 |     30 |      0 |    570 |   2 |  353.0 |
               +--------+--------+--------+--------+--------+-----+--------+

Top non-repeatable levels by time:
     D:1: 686 daAuts
     D:2: 20 daAuts
